 Dungeon Crawl Stone Soup version 0.31-a0-174-g85c54bcb58 (webtiles) character file.

Game seed: 5458701442364927640

20068 qw the Marksgargoyle (level 12, -2/77 HPs)
             Began as a Gargoyle Hunter on June 15, 2023.
             Was a High Priest of Okawaru.
             Slain by a yak (5 damage)
             ... on level 2 of the Lair of Beasts.
             The game lasted 00:05:40 (10917 turns).

qw the Marksgargoyle (Gargoyle Hunter)             Turns: 10917, Time: 00:05:41

Health: -2/77      AC: 26    Str: 14    XL:     12   Next: 75%
Magic:  18/19      EV: 20    Int: 12    God:    Okawaru [*****.]
Gold:   604        SH:  5    Dex: 17    Spells: 11/11 levels left

rFire   . . .        e - +0 orcbow (flame)
rCold   + . .        (shield currently unavailable)
rNeg    + . .        j - +2 ring mail {rC+}
rPois   inf          a - +0 helmet
rElec   +            o - +2 cloak
rCorr   .            n - +0 pair of gloves
SInv    +            h - +0 pair of boots
Will    .....        i - amulet of reflection
Stlth   +++          s - +5 ring of evasion
HPRegen 0.32/turn    q - ring of see invisible
MPRegen 0.16/turn

%: reflection
@: heroic
A: sickness immunity, AC +8, negative energy resistance 1, electricity
resistance, torment resistance 1, petrification resistance
a: Renounce Religion, Heroism, Finesse, Duel


You were on level 2 of the Lair of Beasts.
You worshipped Okawaru.
Okawaru was extremely pleased with you.
You visited 3 branches of the dungeon, and saw 14 of its levels.

You collected 952 gold pieces.
You spent 348 gold pieces at shops.


Innate Abilities, Weirdness & Mutations

You are immune to sickness and miasma.
Your stone body is resilient. (AC +8)
You are immune to poison.
You resist negative energy. (rN+)
You are resistant to electric shocks. (rElec)
You are resistant to unholy torment.
You are immune to petrification.


   Skills:
 - Level 10.2(15.2) Fighting
 + Level 15.2(20.2) Ranged Weapons
 - Level 6.1(11.1) Armour
 - Level 4.0(9.0) Dodging
 - Level 1.1(6.1) Stealth
 + Level 9.8 Invocations


You had 11 spell levels left.
You didn't know any spells.
Your spell library was empty.

Inventory:

Hand Weapons
 e - a +0 orcbow of flaming (weapon)
Armour
 a - a +0 helmet (worn)
 h - a +0 pair of boots (worn)
 j - a +2 ring mail of cold resistance (worn)
 n - a +0 pair of gloves (worn)
 o - a +2 cloak (worn)
Jewellery
 d - a ring of willpower
 i - an amulet of reflection (around neck)
 m - the ring of the Firefly {MP+9 Int+4 Dex+2 Stlth+}
   (You found it on level 3 of the Dungeon)

   [ring of magical power]

   Int:       It affects your intelligence (+4).
   Dex:       It affects your dexterity (+2).
   MP:        It affects your magic capacity (+9).
   Stlth:     It makes you more stealthy.
 p - a ring of protection from fire
 q - a ring of see invisible (right hand)
 s - a +5 ring of evasion (left hand)
 u - a ring of protection from cold
Scrolls
 g - 8 scrolls of identify
Potions
 b - 2 potions of might
 c - a potion of curing
 f - 3 potions of attraction
 k - a potion of resistance
 l - a potion of magic
 r - 3 potions of lignification

Dungeon Overview and Level Annotations

Branches:
Dungeon (11/15)            Temple (1/1) D:4            Lair (2/5) D:11
    Orc (0/2) D:10
  Swamp: Lair:2-3    Shoals: Lair:2-3     Snake: Lair:2-3    Spider: Lair:2-3

Altars:
Ashenzari
Cheibriados
Dithmenos
Elyvilon
Fedhas
Gozag
Hepliaklqana
Kikubaaqudgha
Makhleb
Nemelex Xobeh
Okawaru
Qazlal
Ru
Sif Muna
Trog
Uskayaw
Vehumet
Wu Jian
Xom
Yredelemnul
Zin
The Shining One

Shops:
D:5 [   D:6 *

Annotations:
D:11 3 runed translucent doors, bande's ghost, journeyman GrFi


Message History

The elephant tramples you but does no damage.
The elephant trunk-slaps you but does no damage.
You block the elephant's attack. The elephant misses you.
The yak closely misses you. The yak gores you. You block the yak's attack.
You shoot an arrow. The arrow hits the yak!!
The arrow burns the yak.
You kill the yak!
Okawaru accepts your kill. The elephant closely misses you.
The elephant completely misses you. The yak misses you.
The yak closely misses you. The elephant closely misses you.
The elephant barely misses you.
You shoot an arrow. The arrow hits the elephant.
The arrow burns the elephant.
The elephant is lightly wounded.
The yak gores you but does no damage. The elephant tramples you!
You hold your ground!
The elephant trunk-slaps you but does no damage.
The yak completely misses you. The elephant barely misses you.
The elephant trunk-slaps you but does no damage.
You block the elephant's attack. The elephant completely misses you.
You shoot an arrow. The arrow hits the elephant!
The arrow burns the elephant.
The elephant is moderately wounded.
You shoot an arrow. The arrow barely misses the elephant.
You block the elephant's attack. x2; The elephant tramples you!
You hold your ground!
The elephant closely misses you. The yak barely misses you.
You block the elephant's attack. The elephant completely misses you.
The yak misses you.
You shoot an arrow. The arrow hits the elephant!
The arrow burns the elephant.
The elephant is moderately wounded.
You block the yak's attack.
The elephant tramples you but does no damage.
The elephant misses you. x2
The elephant trunk-slaps you but does no damage.
The yak gores you. The elephant completely misses you.
The elephant trunk-slaps you but does no damage.
You shoot an arrow.
The arrow hits the elephant but does no damage.
The elephant is moderately wounded.
You block the elephant's attack. The elephant completely misses you.
The elephant tramples you but does no damage.
The elephant misses you. The yak gores you.
You die...

. ................ ....
...................
........................
........................
........................
........................
...............%Yl......
...............YYYY.....
...............#@YY..~~~
......##....#####YY...~~
.####....#...# #.....~
.#..###...#### ....~.
..#..%###..# . .....
......%..#....... ##.##
....##%......###. ..#
....#........... .#
....##.##...#...#


You could see 4 elephants, 5 yaks and a basilisk.

Vanquished Creatures
  3 two-headed ogres
  A boulder beetle (D:11)
  2 wolf spiders (Lair:1)
  A cyclops (D:11)
  2 black mambas (Lair:1)
  Maurice (D:11)
  A cane toad (Lair:1)
  A kobold demonologist (D:9)
  3 komodo dragons
  2 trolls (D:11)
  6 polar bears (Lair:2)
  A vampire (D:9)
  A wraith (D:7)
  A shadow (D:10)
  A wyvern (D:10)
  29 yaks
  A basilisk (Lair:2)
  9 water moccasins
  5 orc warriors
  A sky beast (D:7)
  12 black bears
  An ogre (D:6)
  12 wolves (Lair:1)
  5 centaurs
  2 kobold brigands
  A phantom (D:5)
  12 bullfrogs
  5 scorpions
  2 gnoll sergeants
  13 wights
  4 killer bees (D:11)
  6 crimson imps (D:11)
  5 jellies
  6 hounds
  5 orc priests
  6 iguanas
  2 sleepcaps (D:6)
  7 orc wizards
  15 gnolls
  5 adders
  3 shadow imps
  4 white imps
  7 worms
  2 dart slugs (D:1)
  31 orcs
  4 ball pythons
  8 endoplasms
  5 giant cockroaches
  5 goblins
  5 hobgoblins
  6 quokkas
  A bat (D:3)
  4 frilled lizards
  16 kobolds
  4 rats
303 creatures vanquished.

Notes
Turn   | Place    | Note
-------+----------+-------------------------------------------
     0 | D:1      | qw the Gargoyle Hunter began the quest for the Orb.
     0 | D:1      | Reached XP level 1. HP: 12/12 MP: 1/1
     0 | D:1      | 0 ||| qw: Version: 0.2-a-29-g511e9b1
     0 | D:1      | 0 ||| qw: Game counter: 5421
     0 | D:1      | 0 ||| qw: Always use a shield: true
     0 | D:1      | 0 ||| qw: God list: Okawaru
     0 | D:1      | 0 ||| qw: Allow faded altars: false
     0 | D:1      | 0 ||| qw: Do Orc after D:15 true
     0 | D:1      | 0 ||| qw: Do second Lair branch before Depths: true
     0 | D:1      | 0 ||| qw: Lair rune preference: random
     0 | D:1      | 0 ||| qw: Plans: Normal, Zot:1-4, Slime:5, God:TSO, Crypt,
                  | Tomb, Abyss, Pan, Hells, Win
     0 | D:1      | 0 ||| PLANNING D:1-11
    75 | D:1      | Reached XP level 2. HP: 17/17 MP: 2/2
   140 | D:1      | Reached XP level 3. HP: 21/21 MP: 3/3
   443 | D:1      | Reached skill level 5 in Ranged Weapons
   655 | D:1      | 655 ||| READING scroll labelled LUTUNU WUHU.
   656 | D:1      | 656 ||| READING 2 scrolls labelled AXZULY REKI.
   657 | D:1      | 657 ||| READING 2 scrolls labelled APOELONLI.
   658 | D:1      | 658 ||| DROPPING scroll of butterflies.
   659 | D:1      | 659 ||| DROPPING scroll of fog.
   934 | D:2      | Reached skill level 3 in Fighting
  1032 | D:2      | Reached XP level 4. HP: 28/28 MP: 4/4
  1365 | D:2      | 1365 ||| UPGRADING to +0 ring mail.
  1375 | D:2      | 1375 ||| DROPPING +0 leather armour.
  1376 | D:2      | 1376 ||| UPGRADING to +0 pair of boots.
  1381 | D:2      | 1381 ||| READING scroll labelled DOLAVI EGHASE.
  1382 | D:2      | 1382 ||| DRINKING 2 dark potions.
  1391 | D:3      | 1391 ||| STAIRDANCE
  1478 | D:3      | 1478 ||| STAIRDANCE
  1481 | D:2      | Reached skill level 1 in Armour
  1491 | D:3      | 1491 ||| STAIRDANCE
  1553 | D:3      | Identified the ring of the Firefly {MP+9 Int+4 Dex+2
                  | Stlth+}
  1575 | D:3      | Reached XP level 5. HP: 32/32 MP: 5/5
  1577 | D:3      | Reached skill level 6 in Ranged Weapons
  1804 | D:3      | 1804 ||| DRINKING potion of curing.
  1804 | D:3      | 1804 ||| (to cure confusion)
  1962 | D:3      | Reached XP level 6. HP: 37/38 MP: 6/6
  2099 | D:3      | 2099 ||| UPGRADING to ring of the Firefly {MP+9 Int+4 Dex+2
                  | Stlth+}.
  2164 | D:3      | 2164 ||| READING scroll labelled PEWUME LIUCO.
  2193 | D:3      | 2193 ||| READING scroll labelled KINTOMA KIVIOSH.
  2194 | D:3      | 2194 ||| READING 4 scrolls of identify.
  2194 | D:3      | 2194 ||| IDENTIFYING fuming grey potion
  2195 | D:3      | 2195 ||| READING 3 scrolls of identify.
  2195 | D:3      | 2195 ||| IDENTIFYING emerald potion
  2196 | D:3      | 2196 ||| READING 2 scrolls of identify.
  2196 | D:3      | 2196 ||| IDENTIFYING fuming silvery potion
  2197 | D:3      | 2197 ||| DROPPING potion of berserk rage.
  2445 | D:4      | Found a staircase to the Ecumenical Temple.
  2446 | D:4      | 2446 ||| PLANNING TEMPLE
  2446 | D:4      | 2446 ||| UPGRADING to ring of protection from fire.
  2447 | D:4      | 2447 ||| READING 2 scrolls of identify.
  2447 | D:4      | 2447 ||| IDENTIFYING fuming red potion
  2454 | Temple   | Entered the Ecumenical Temple
  2480 | Temple   | 2480 ||| PLANNING D:1-11
  2530 | D:4      | Found an ancient bone altar of Kikubaaqudgha.
  2572 | D:4      | Reached skill level 7 in Ranged Weapons
  2720 | D:4      | Noticed a black bear
  2733 | D:4      | Killed a black bear
  2734 | D:4      | Reached XP level 7. HP: 14/43 MP: 7/7
  3046 | D:4      | 3046 ||| READING scroll labelled KYZXAUGONU.
  3047 | D:4      | 3047 ||| READING scroll labelled SOURUSEKKI.
  3070 | D:5      | Entered Level 5 of the Dungeon
  3118 | D:5      | Reached skill level 8 in Ranged Weapons
  3388 | D:5      | Found Ratzin's Armour Shoppe.
  3420 | D:5      | Reached XP level 8. HP: 49/49 MP: 8/8
  3420 | D:5      | Found a broken altar of Ashenzari.
  3420 | D:5      | Found a bloodstained altar of Trog.
  3433 | D:5      | Reached skill level 3 in Armour
  3491 | D:5      | Found an iron altar of Okawaru.
  3493 | D:5      | 3493 ||| PLANNING OKAWARU WORSHIP
  3493 | D:5      | 3493 ||| UPGRADING to +2 ring mail of cold resistance.
  3503 | D:5      | 3503 ||| DROPPING +0 ring mail.
  3504 | D:5      | 3504 ||| UPGRADING to +0 cloak.
  3509 | D:5      | 3509 ||| DROPPING +6 ring of intelligence.
  3550 | D:5      | Became a worshipper of Warmaster Okawaru
  3551 | D:5      | 3551 ||| PLANNING D:1-11
  3897 | D:5      | 3897 ||| UPGRADING to +0 helmet.
  4038 | D:6      | Reached skill level 9 in Ranged Weapons
  4331 | D:6      | Reached skill level 6 in Fighting
  4337 | D:6      | Found Egaes's Assorted Antiques.
  4342 | D:6      | 4342 ||| BUYING blackened pearl ring (160 gold).
  4342 | D:6      | Bought a blackened pearl ring for 160 gold pieces
  4342 | D:6      | 4342 ||| BUYING crooked brass wand (128 gold).
  4342 | D:6      | Bought a crooked brass wand for 128 gold pieces
  4342 | D:6      | 4342 ||| SHOPLISTING dull robe (182 gold, have 83).
  4342 | D:6      | 4342 ||| BUYING fuming black potion (28 gold).
  4342 | D:6      | Bought a fuming black potion for 28 gold pieces
  4342 | D:6      | 4342 ||| SHOPLISTING runed helmet (240 gold, have 55).
  4342 | D:6      | 4342 ||| BUYING scroll labelled LOYMAZX MINGOO (32 gold).
  4342 | D:6      | Bought a scroll labelled LOYMAZX MINGOO for 32 gold pieces
  4342 | D:6      | 4342 ||| SHOPLISTING scroll labelled MINAD CAISERPH (32
                  | gold, have 23).
  4342 | D:6      | 4342 ||| SHOPLISTING viscous clear potion (28 gold, have
                  | 23).
  4505 | D:6      | 4505 ||| DROPPING ring of positive energy.
  4506 | D:6      | 4506 ||| UPGRADING to +5 ring of evasion.
  4508 | D:6      | 4508 ||| READING 2 scrolls labelled FOIDGH GIGHI.
  4509 | D:6      | 4509 ||| READING 2 scrolls labelled LOYMAZX MINGOO.
  4510 | D:6      | 4510 ||| DRINKING 2 fuming black potions.
  4545 | D:6      | 4545 ||| READING 5 scrolls of identify.
  4545 | D:6      | 4545 ||| IDENTIFYING amethyst potion
  4546 | D:6      | 4546 ||| READING 4 scrolls of identify.
  4546 | D:6      | 4546 ||| IDENTIFYING fizzy purple potion
  4547 | D:6      | 4547 ||| DROPPING scroll of blinking.
  4548 | D:6      | 4548 ||| DROPPING potion of degeneration.
  4549 | D:6      | 4549 ||| DROPPING wand of charming (8).
  4550 | D:6      | 4550 ||| DROPPING scroll of amnesia.
  4607 | D:7      | Reached XP level 9. HP: 56/56 MP: 9/9
  4703 | D:7      | Reached * piety under Okawaru
  4704 | D:7      | Reached skill level 10 in Ranged Weapons
  4742 | D:7      | 4742 ||| INVOKING Heroism.
  4958 | D:7      | 4958 ||| INVOKING Heroism.
  5017 | D:7      | Found a blossoming altar of Fedhas.
  5094 | D:7      | Found a sparkling altar of Nemelex Xobeh.
  5122 | D:7      | Found a sacrificial altar of Ru.
  5362 | D:7      | Reached skill level 1 in Invocations
  5655 | D:7      | 5655 ||| Stepping randomly (stuck).
  5701 | D:8      | 5701 ||| INVOKING Heroism.
  5714 | D:8      | 5714 ||| STAIRDANCE
  5827 | D:8      | Reached skill level 11 in Ranged Weapons
  5834 | D:8      | Reached skill level 3 in Invocations
  6286 | D:8      | 6286 ||| READING scroll labelled XIXYCHE PELETZ.
  6287 | D:8      | 6287 ||| READING scroll labelled JOEHEDO URRA.
  6412 | D:9      | 6412 ||| INVOKING Heroism.
  6414 | D:9      | Reached skill level 3 in Dodging
  6418 | D:9      | Reached XP level 10. HP: 43/63 MP: 9/13
  6425 | D:9      | Reached ** piety under Okawaru
  6514 | D:9      | Noticed a kobold demonologist
  6530 | D:9      | 6530 ||| INVOKING Heroism.
  6531 | D:9      | Killed a kobold demonologist
  6538 | D:9      | Noticed a two-headed ogre
  6548 | D:9      | 6548 ||| FLEEEEING.
  6635 | D:9      | Found a glowing golden altar of the Shining One.
  6641 | D:9      | 6641 ||| INVOKING Heroism.
  6648 | D:9      | Killed a two-headed ogre
  6649 | D:9      | Reached skill level 12 in Ranged Weapons
  6675 | D:9      | 6675 ||| Stepping ~*~*~tactically~*~*~ (outnumbered).
  6676 | D:9      | 6676 ||| Stepping ~*~*~tactically~*~*~ (outnumbered).
  6678 | D:9      | 6678 ||| Stepping ~*~*~tactically~*~*~ (outnumbered).
  6745 | D:9      | 6745 ||| INVOKING Heroism.
  6942 | D:9      | 6942 ||| INVOKING Heroism.
  6945 | D:9      | HP: 13/64 [yak (13)]
  6946 | D:9      | 6946 ||| DRINKING 3 potions of heal wounds.
  7182 | D:9      | Found a hazy altar of Hepliaklqana.
  7211 | D:9      | 7211 ||| INVOKING Heroism.
  7340 | D:9      | Reached skill level 13 in Ranged Weapons
  7391 | D:9      | 7391 ||| INVOKING Heroism.
  7552 | D:9      | 7552 ||| UPGRADING to ring of see invisible.
  7554 | D:9      | 7554 ||| READING scroll labelled MINAD CAISERPH.
  7559 | D:9      | 7559 ||| READING 7 scrolls of identify.
  7559 | D:9      | 7559 ||| IDENTIFYING brown potion
  7560 | D:9      | 7560 ||| DROPPING potion of brilliance.
  7587 | D:10     | Entered Level 10 of the Dungeon
  7598 | D:10     | 7598 ||| Stepping ~*~*~tactically~*~*~ (outnumbered).
  7623 | D:10     | 7623 ||| INVOKING Heroism.
  7626 | D:10     | Reached skill level 9 in Fighting
  7635 | D:10     | Reached XP level 11. HP: 28/71 MP: 12/14
  7826 | D:10     | Reached *** piety under Okawaru
  7891 | D:10     | Found a shadowy altar of Dithmenos.
  7916 | D:10     | Noticed a two-headed ogre
  7917 | D:10     | 7917 ||| INVOKING Heroism.
  7923 | D:10     | Killed a two-headed ogre
  7949 | D:10     | 7949 ||| INVOKING Heroism.
  7960 | D:10     | 7960 ||| INVOKING Heroism.
  8030 | D:10     | Found a staircase to the Orcish Mines.
  8059 | D:10     | Noticed a two-headed ogre
  8060 | D:10     | 8060 ||| INVOKING Heroism.
  8067 | D:10     | Killed a two-headed ogre
  8200 | D:10     | Found a burning altar of Makhleb.
  8200 | D:10     | Noticed a blizzard demon
  8201 | D:10     | 8201 ||| UPGRADING to +0 orcbow.
  8202 | D:10     | 8202 ||| DROPPING +0 heavy shortbow.
  8203 | D:10     | 8203 ||| READING scroll of brand weapon.
  8203 | D:10     | 8203 ||| BRANDING +0 orcbow.
  8228 | D:10     | 8228 ||| Stepping ~*~*~tactically~*~*~ (outnumbered).
  8230 | D:10     | 8230 ||| Stepping ~*~*~tactically~*~*~ (outnumbered).
  8425 | D:10     | 8425 ||| UPGRADING to amulet of reflection.
  8460 | D:11     | Reached skill level 14 in Ranged Weapons
  8600 | D:11     | 8600 ||| INVOKING Heroism.
  8634 | D:11     | Reached **** piety under Okawaru
  8687 | D:11     | 8687 ||| INVOKING Heroism.
  8770 | D:11     | Found a staircase to the Lair.
  8811 | D:11     | 8811 ||| INVOKING Heroism.
  8929 | D:11     | Noticed a cyclops
  8930 | D:11     | 8930 ||| INVOKING Heroism.
  8941 | D:11     | Killed a cyclops
  8971 | D:11     | Noticed a boulder beetle
  8972 | D:11     | 8972 ||| INVOKING Heroism.
  8991 | D:11     | Killed a boulder beetle
  8992 | D:11     | Reached skill level 6 in Invocations
  9112 | D:11     | Noticed Maurice
  9127 | D:11     | Killed Maurice
  9322 | D:11     | Found a runed translucent gate.
  9322 | D:11     | Found a runed translucent gate.
  9323 | D:11     | Found a runed translucent gate.
  9381 | D:11     | Noticed bande's ghost (journeyman GrFi)
  9389 | D:11     | 9389 ||| UPGRADING to +0 pair of gloves.
  9394 | D:11     | 9394 ||| PLANNING LAIR
  9394 | D:11     | 9394 ||| UPGRADING to +1 cloak.
  9404 | D:11     | 9404 ||| DROPPING +0 cloak.
  9405 | D:11     | 9405 ||| READING 10 scrolls of identify.
  9405 | D:11     | 9405 ||| IDENTIFYING viscous clear potion
  9406 | D:11     | 9406 ||| DROPPING potion of invisibility.
  9439 | Lair:1   | Entered Level 1 of the Lair of Beasts
  9448 | Lair:1   | Noticed a wolf spider
  9449 | Lair:1   | 9449 ||| INVOKING Heroism.
  9453 | Lair:1   | Noticed a wolf spider
  9464 | Lair:1   | Killed a wolf spider
  9465 | Lair:1   | Reached XP level 12. HP: 36/77 MP: 15/17
  9469 | Lair:1   | HP: 13/77 [wolf spider (8)]
  9470 | Lair:1   | 9470 ||| DRINKING 4 potions of heal wounds.
  9479 | Lair:1   | HP: 17/77 [wolf spider (5)]
  9480 | Lair:1   | 9480 ||| DRINKING 3 potions of heal wounds.
  9482 | Lair:1   | Reached ***** piety under Okawaru
  9483 | Lair:1   | Reached skill level 6 in Armour
  9484 | Lair:1   | 9484 ||| INVOKING Heroism.
  9837 | Lair:1   | 9837 ||| INVOKING Heroism.
  9869 | Lair:1   | 9869 ||| INVOKING Heroism.
  9879 | Lair:1   | HP: 15/77 [yak (5)]
  9880 | Lair:1   | 9880 ||| DRINKING 2 potions of heal wounds.
  9895 | Lair:1   | Identified the +2 animal skin "Hikiship" {rElec} (Okawaru
                  | gifted it to you on level 1 of the Lair of Beasts)
  9895 | Lair:1   | Received a gift from Okawaru
  9897 | Lair:1   | 9897 ||| INVOKING Heroism.
  9903 | Lair:1   | HP: 13/77 [wolf (8)]
  9904 | Lair:1   | 9904 ||| DRINKING potion of heal wounds.
 10117 | Lair:1   | Found a dark tunnel.
 10498 | Lair:1   | 10498 ||| DROPPING +2 animal skin "Hikiship" {rElec}.
 10499 | Lair:1   | 10499 ||| UPGRADING to +2 cloak.
 10509 | Lair:1   | 10509 ||| DROPPING +1 cloak.
 10510 | Lair:1   | 10510 ||| READING 9 scrolls of identify.
 10510 | Lair:1   | 10510 ||| IDENTIFYING yellow potion
 10532 | Lair:2   | 10532 ||| INVOKING Heroism.
 10567 | Lair:2   | Identified the +3 dagger of Siutt {distort, rF+ Int+3}
 10653 | Lair:2   | 10653 ||| INVOKING Heroism.
 10673 | Lair:2   | Reached skill level 9 in Invocations
 10690 | Lair:2   | 10690 ||| INVOKING Heroism.
 10709 | Lair:2   | Reached skill level 15 in Ranged Weapons
 10769 | Lair:2   | 10769 ||| INVOKING Heroism.
 10905 | Lair:2   | 10905 ||| INVOKING Heroism.
 10913 | Lair:2   | HP: 13/77 [elephant (10)]
 10916 | Lair:2   | HP: 3/77 [yak (4)]
 10917 | Lair:2   | Slain by a yak

Levels and vault maps discovered:
D:1:      eino_arrival_cavern_e, layout_basic, serial_rivers,
          chequers_serial_rivers_room_b, chequers_serial_rivers_micro_e,
          chequers_serial_rivers_micro_d, chequers_serial_rivers_large_b,
          chequers_serial_rivers_micro_a, minmay_pentomino_r4
D:2:      layout_basic
D:3:      layout_basic, minmay_stone_trees_small
D:4:      layout_gridville, kennysheep_mini, minmay_temple_entry_wispy,
          nicolae_kite_square_tiling_tiny
D:5:      layout_gridville, chequers_temple_overflow_statue_of_worship,
          okawaru_gym_becter, serial_shops, nicolae_shop_trees,
          nicolae_elevator_lobby_plus
D:6:      layout_rooms, serial_shops, nicolae_shop_hallway_stairs,
          kennysheep_potato
D:7:      layout_loops_cross, mainiacjoe_overflow_catwalk,
          mainiacjoe_overflow_two_lobes
D:8:      layout_loops_cross
D:9:      layout_roguey, mainiacjoe_overflow_concentric_impassable,
          mainiacjoe_overflow_small_starburst
D:10:     layout_loops_cross, makhleb_altar_promises_db,
          nicolae_dithmenos_through_a_glass_darkly, orc_david_3
D:11:     layout_roguey, due_lair_maze_entry_diamond, gammafunk_ghost_spectres,
          minmay_nine_imps, uniq_maurice
Temple:   nicolae_temple_ecumenical_triangle
Lair:1:   layout_chaotic_city, lightli_volcano_entry_magma_tube,
          nicolae_lair_run_with_the_wolves, lemuel_fruit_tree
Lair:2:   beast_lair_carwin_large_4, layout_regular_city,
          minmay_swamp_entry_worms

Skill      XL: |  1  2  3  4  5  6  7  8  9 10 11 12 |
---------------+-------------------------------------+-----
Ranged Weapons | 5 6 7 8 9 11 13 14 15 | 15.2
Fighting       | 3 4 5 6 7 9 10 | 10.2
Armour         | 1 3 4 5 6 |  6.1
Dodging        | 2 3 4 |  4.0
Invocations    | 4 7 9 |  9.8
Stealth        | |  1.1

Action                     |  1- 3 |  4- 6 |  7- 9 | 10-12 || total
---------------------------+-------+-------+-------+-------++-------
   Fire: Shortbow          |   116 |   163 |   274 |   207 ||   760
         Orcbow            |       |       |       |   497 ||   497
 Invoke: Heroism           |       |       |     4 |    26 ||    30
    Use: Scroll            |     3 |     7 |     8 |     5 ||    23
         Potion            |       |     2 |     1 |     5 ||     8
 Armour: Leather armour    |    18 |       |       |       ||    18
         Ring mail         |       |    62 |    74 |   287 ||   423
  Dodge: Dodged            |    22 |    44 |   159 |   799 ||  1024
  Block: Other             |       |       |       |   182 ||   182
         Reflection        |       |       |       |     1 ||     1

Table legend:
 A = Non-vault XP
 B = Vault XP
 C = Vault XP percentage of total XP
 D = Non-vault monster count
 E = Vault monster count
 F = Vault count percentage of total count
                 A         B        C        D         E       F
            +---------+---------+-------+---------+---------+-------
      Total |   21143 |    7526 |  26.3 |     252 |      51 |  16.8
            +---------+---------+-------+---------+---------+-------
        D:1 |      33 |       6 |  15.4 |      10 |       4 |  28.6
        D:2 |      75 |       0 |   0.0 |      26 |       0 |   0.0
        D:3 |     214 |       0 |   0.0 |      27 |       0 |   0.0
        D:4 |     459 |       0 |   0.0 |      19 |       0 |   0.0
        D:5 |     785 |       0 |   0.0 |      20 |       0 |   0.0
        D:6 |     543 |     119 |  18.0 |      11 |       2 |  15.4
        D:7 |    1231 |       0 |   0.0 |      22 |       0 |   0.0
        D:8 |     708 |       0 |   0.0 |      17 |       0 |   0.0
        D:9 |    4069 |       0 |   0.0 |      36 |       0 |   0.0
       D:10 |    3456 |     405 |  10.5 |      18 |       4 |  18.2
       D:11 |    3270 |    2570 |  44.0 |      15 |      21 |  58.3
     Lair:1 |    4391 |    1844 |  29.6 |      21 |       8 |  27.6
     Lair:2 |    1909 |    2582 |  57.5 |      10 |      12 |  54.5
            +---------+---------+-------+---------+---------+-------
